 Dungeon Crawl Stone Soup version 0.28.0-1-gb440e238dd (webtiles) character file.

Game seed: 6369002933828727633

51520 mortz the Thaumaturge (level 15, -3/94 HPs)
             Began as a Human Fire Elementalist on Feb 21, 2022.
             Was a High Priest of Vehumet.
             Slain by a seven-headed hydra (6 damage)
             ... on level 6 of the Lair of Beasts.
             The game lasted 04:03:00 (26253 turns).

mortz the Thaumaturge (Human Fire Elementalist)    Turns: 26253, Time: 04:03:01

Health: -3/94      AC: 32    Str: 16    XL:     15   Next: 2%
Magic:  36/42      EV: 12    Int: 34    God:    Vehumet [*****.]
Gold:   908        SH:  5    Dex: 13    Spells: 19/43 levels left

rFire   + . .      SeeInvis .   J - +3 long sword of Iconoclasm {holy, Str+4}
rCold   . . .      Faith    .   (no shield)
rNeg    . . .      Spirit   .   G - +6 ring mail of Fangulud {Drain Int+6}
rPois   .          Reflect  +   Q - +2 hat
rElec   .          Harm     .   s - +2 cloak
rCorr   .          Rampage  .   c - +1 pair of gloves {Str+3}
Will    +....                   u - +3 pair of boots of the Teacher {rF+ Int+5}
Stlth   +.........              T - amulet of reflection
HPRegen 0.25/turn               j - ring of magical power
MPRegen 0.28/turn               l - ring of the Tortoise {AC+8}

@: very slow
A: no striking features
a: Renounce Religion


You were on level 6 of the Lair of Beasts.
You worshipped Vehumet.
Vehumet was extremely pleased with you.
You visited 3 branches of the dungeon, and saw 18 of its levels.

You collected 1058 gold pieces.
You spent 150 gold pieces at shops.

Inventory:

Hand Weapons
 f - a +1 short sword of flaming
 H - a +3 dagger of freezing
 J - the +3 long sword of Iconoclasm (weapon) {holy, Str+4}
   (You found it on level 1 of the Lair of Beasts)

   It has been blessed by the Shining One to cause great damage to the undead
   and demons.
   Str:       It affects your strength (+4).
 N - the +7 captain's cutlass {speed, disarm}
   (You found it on level 6 of the Lair of Beasts)

   Attacks with this weapon are significantly faster.
   It may disarm weapon-wielding foes when striking them, dealing extra damage
   in the process.
 S - a +3 dagger of draining
 V - a +4 halberd of draining
Missiles
 I - 5 atropa-tipped darts
Armour
 c - a +1 pair of gloves of strength (worn)
 e - +0 steam dragon scales
 s - a +2 cloak (worn)
 u - the +3 pair of boots of the Teacher (worn) {rF+ Int+5}
   (You found it on level 4 of the Dungeon)

   Int:       It affects your intelligence (+5).
   rF:        It protects you from fire.
 G - the +6 ring mail of Fangulud (worn) {Drain Int+6}
   (You found it on level 4 of the Lair of Beasts)

   Int:       It affects your intelligence (+6).
   Drain:     It drains your maximum health when unequipped.
 M - +0 acid dragon scales
 Q - a +2 hat (worn)
Jewellery
 h - a +4 ring of evasion
 j - a ring of magical power (left hand)
 k - a ring of fire
 l - the ring of the Tortoise (right hand) {AC+8}
   (You found it on level 6 of the Lair of Beasts)

   [ring of protection]

   AC:        It affects your AC (+8).
 r - a +4 ring of slaying
 t - a +4 ring of protection
 B - a +6 ring of strength
 P - a ring of see invisible
 T - an amulet of reflection (around neck)
 Y - a ring of ice
Wands
 m - a wand of flame (16)
 p - a wand of mindburst (7)
 z - a wand of iceblast (14)
 D - a wand of charming (3)
 F - a wand of polymorph (7)
Scrolls
 d - 6 scrolls of magic mapping
 i - 2 scrolls of summoning
 n - a scroll of fear
 o - 3 scrolls of amnesia
 q - 6 scrolls of teleportation
 v - a scroll of identify
 x - 2 scrolls of enchant weapon
 y - 2 scrolls of fog
 A - a scroll of brand weapon
 C - 2 scrolls of silence
Potions
 a - a potion of might {unknown}
 b - 2 potions of resistance
 g - 6 potions of curing
 w - 4 potions of flight
 E - 4 potions of invisibility
 K - a potion of ambrosia
 O - a potion of magic {unknown}
 R - a potion of cancellation {unknown}
 W - 3 potions of heal wounds {unknown}
Miscellaneous
 L - a phantom mirror
 U - a lightning rod (4/4)
 X - a box of beasts


   Skills:
 + Level 1.9 Fighting
 + Level 1.1(4.6) Short Blades
 * Level 7.1(7.2) Long Blades
 + Level 0.8 Polearms
 + Level 5.7 Armour
 + Level 5.0 Dodging
 + Level 4.1 Stealth
 + Level 1.8 Shields
 + Level 0.2 Unarmed Combat
 + Level 14.7 Spellcasting
 + Level 7.0 Conjurations
 + Level 0.5 Hexes
 + Level 14.2 Fire Magic
 + Level 1.6 Air Magic
 + Level 3.0 Earth Magic
 + Level 0.1 Poison Magic
 + Level 0.1 Evocations


You had 19 spell levels left.
You knew the following spells:

 Your Spells              Type           Power      Damage    Failure   Level
a - Foxfire               Conj/Fire      100%       2x1d9     1%          1
b - Scorch                Fire           100%       2d10      0%          2
c - Inner Flame           Hex/Fire       66%        N/A       1%          3
d - Flame Wave            Conj/Fire      77%        2d14      1%          4
e - Conjure Flame         Conj/Fire      77%        6-21      1%          3
f - Mephitic Cloud        Conj/Pois/Air  44%        N/A       1%          3
g - Stone Arrow           Conj/Erth      100%       3d13      1%          3
h - Irradiate             Conj/Tmut      24%        3d21      5%          5

Your spell library contained the following spells:

 Spells                   Type           Power      Damage    Failure   Level
 Yara's Violent Unravell  Hex/Tmut       13%        3d7       19%         5
 Passwall                 Tmut/Erth      29%        N/A       2%          2
 Animate Skeleton         Necr           50%        N/A       3%          1
 Beastly Appendage        Tmut           50%        N/A       3%          1
 Pain                     Necr           100%       1d9       3%          1
 Ensorcelled Hibernation  Hex/Ice        52%        N/A       4%          2
 Sublimation of Blood     Necr           25%        N/A       4%          2
 Wereblood                Tmut           25%        N/A       4%          2
 Swiftness                Air            35%        N/A       4%          3
 Gell's Gravitas          Tloc           25%        N/A       9%          3
 Lesser Beckoning         Tloc           25%        N/A       9%          3
 Spider Form              Tmut/Pois      25%        N/A       9%          3
 Teleport Other           Tloc           25%        N/A       9%          3
 Vampiric Draining        Necr           25%        2d7       9%          3
 Animate Armour           Summ/Erth      70%        N/A       16%         4
 Petrify                  Tmut/Erth      35%        N/A       16%         4
 Iron Shot                Conj/Erth      28%        9d6       16%         6
 Metabolic Englaciation   Hex/Ice        13%        N/A       58%         5
 Spellforged Servitor     Conj/Summ      24%        N/A       78%         7
 Statue Form              Tmut/Erth      23%        N/A       94%         6
 Lehudib's Crystal Spear  Conj/Erth      28%        10d7      99%         8


Dungeon Overview and Level Annotations

Branches:
Dungeon (11/15)            Temple (1/1) D:7            Lair (6/6) D:11
 Shoals (0/4) Lair:2        Snake (0/4) Lair:4        Slime (0/5) Lair:6
    Orc (0/2) D:11

Altars:
Ashenzari
Cheibriados
Dithmenos
Elyvilon
Fedhas
Gozag
Hepliaklqana
Kikubaaqudgha
Makhleb
Nemelex Xobeh
Okawaru
Qazlal
Ru
Sif Muna
Trog
Uskayaw
Vehumet
Wu Jian
Xom
Yredelemnul
Zin
The Shining One
Jiyva

Shops:
D:6 [

Portals:
Abyss: D:4

Annotations:
D:4 2 transporters, themarg's ghost, amateur GnWn
D:6 3 runed translucent doors, ApathyGirl's ghost, novice GnCA
D:10 3 runed translucent doors, arthad's ghost, journeyman GnWn


Message History

You block the seven-headed hydra's attack.
The seven-headed hydra misses you.
The seven-headed hydra bites you but does no damage.
The seven-headed hydra bites you.
* * * LOW HITPOINT WARNING * * *
The seven-headed hydra bites you but does no damage.
You block the seven-headed hydra's attack.
The seven-headed hydra bites you but does no damage. x2
The seven-headed hydra closely misses you.
The seven-headed hydra barely misses you.
The seven-headed hydra bites you but does no damage.
Casting: Stone Arrow (safe; 1% risk of failure)
Confirm with . or Enter, or press ? or * to list all spells.
Aiming: Stone Arrow (safe; 1% risk of failure)
Press: ? - help, Shift-Dir - straight line, f - seven-headed hydra
Aim: a seven-headed hydra (92% to hit)
The stone arrow hits the seven-headed hydra!!
The seven-headed hydra is moderately wounded.
The seven-headed hydra bites you.
* * * LOW HITPOINT WARNING * * *
The seven-headed hydra bites you but does no damage. x2
The seven-headed hydra barely misses you.
The seven-headed hydra closely misses you.
The seven-headed hydra bites you!
* * * LOW HITPOINT WARNING * * *
The seven-headed hydra bites you but does no damage.
Casting: Stone Arrow (safe; 1% risk of failure)
Confirm with . or Enter, or press ? or * to list all spells.
Aiming: Stone Arrow (safe; 1% risk of failure)
Press: ? - help, Shift-Dir - straight line, f/p - seven-headed hydra
Aim: a seven-headed hydra (moderately wounded, 92% to hit)
The stone arrow hits the seven-headed hydra!!
The seven-headed hydra is severely wounded.
The seven-headed hydra barely misses you.
The seven-headed hydra bites you.
* * * LOW HITPOINT WARNING * * *
The seven-headed hydra barely misses you.
The seven-headed hydra bites you but does no damage.
The seven-headed hydra bites you.
You die...

....≈.≈≈≈.≈≈≈≈≈≈≈(≈≈≈#≈≈#≈≈≈≈≈≈≈≈
.##≈≈≈##≈#≈≈≈≈≈≈[≈[≈≈#≈.#≈≈≈#≈#*,
.###≈≈#≈≈#≈#≈#≈8######8≈#≈≈.≈≈#*,
###≈≈.≈≈≈#≈≈.#≈≈≈≈≈≈≈≈≈≈.≈≈≈≈≈≈≈,
#..#..≈≈≈≈≈≈≈#.≈≈≈≈≈≈.≈≈#.≈≈/≈≈≈≈
..#..≈##.#≈≈8#⌠≈≈≈.≈≈..⌠#≈≈≈≈≈≈*≈
.....≈≈#≈#########≈#≈####*###≈#*≈
.#..#≈Y≈≈≈.≈≈≈≈≈≈D≈≈.#≈≈≈≈≈≈,≈≈≈,
###.≈≈≈≈≈≈≈≈≈≈≈≈@≈#..≈≈≈≈≈≈≈≈≈,≈≈
##.†#≈Y#≈≈##≈≈##≈≈.≈≈≈##≈≈**≈≈**≈
##...≈≈≈≈≈##.≈#≈≈.##≈≈#*≈≈**≈≈≈*≈
#....≈.≈≈≈≈≈.≈.≈.≈≈≈≈≈..≈≈≈,,,≈,≈
##......../..............,,,,,,*,
#..............####..(..#,,,,,,,,
P.P........#..#**##...****,,,,,,,
PP.P...$Y.....###..#..#**,,,,,,,,
.DP...........?.......,,,,,,,,,,,


You could see a seven-headed hydra.

Vanquished Creatures
  Kirke (Lair:3)
  Snorg (Lair:3)
  Josephine (Lair:4)
  Fannar (Lair:3)
  Erolcha (D:10)
  Harold (D:8)
  5 hydras
  A merfolk avatar (Lair:6)
  2 two-headed ogres (D:11)
  Erica (D:8)
  6 death yaks (Lair:6)
  Sonja (Lair:4)
  2 sea snakes (Lair:6)
  An ugly thing (D:11)
  Pikel (D:7)
  An orc knight (D:10)
  A manticore (Lair:2)
  5 black mambas
  10 elephants
  Joseph (D:7)
  Maurice (D:8)
  A torpor snail (Lair:6)
  A gargoyle (D:11)
  9 cane toads
  A molten gargoyle (Lair:4)
  A rime drake (Lair:6)
  An unseen horror (D:10)
  14 komodo dragons
  7 polar bears
  A queen bee (D:10)
  4 wind drakes
  A troll (D:11)
  2 hornets (D:8)
  A snapping turtle (Lair:6)
  9 blink frogs
  Prince Ribbit (D:8)
  4 slime creatures (D:9)
  6 dream sheep (Lair:4)
  3 wraiths (Lair:4)
  8 wyverns
  4 basilisks
  A hog (Lair:4)
  25 yaks
  4 steam dragons
  2 nagas (Lair:4)
  4 acid dragons
  16 water moccasins
  Duvessa (D:6)
  4 orc warriors
  2 ice beasts
  3 ogres
  2 black bears
  6 wolves
  8 centaurs
  2 phantoms (D:5)
  A kobold brigand (D:8)
  Blork the orc (D:6)
  A gnoll sergeant (D:9)
  A scorpion (D:11)
  9 bullfrogs
  Dowan (D:6)
  39 killer bees
  8 electric eels
  A crimson imp (D:7)
  2 hounds
  A bullfrog zombie (D:7)
  4 centaur zombies
  4 orc priests
  2 jellies
  A centaur skeleton (D:6)
  Crazy Yiuf (D:7)
  2 gnoll shamans
  3 iguanas
  Natasha (thrice) (D:3)
  2 bullfrog skeletons (D:6)
  8 orc wizards
  A hound zombie (D:5)
  A hound skeleton (D:5)
  A howler monkey zombie (D:6)
  10 gnolls
  7 adders
  2 white imps
  An adder zombie (D:5)
  3 worms
  5 dart slugs
  28 orcs
  7 bats
  4 endoplasms
  5 giant cockroaches
  8 goblins
  7 hobgoblins
  5 jackals
  4 quokkas
  6 ball pythons
  3 frilled lizards
  13 kobolds
  A quokka skeleton (D:4)
  3 rats
  A butterfly (Lair:3)
425 creatures vanquished.

Vanquished Creatures (collateral kills)
  7 foxfires
7 creatures vanquished.

Vanquished Creatures (others)
  4 humans (Lair:4)
  670 foxfires
  57 fungi
  103 plants
834 creatures vanquished.

Grand Total: 1266 creatures vanquished

Notes
Turn   | Place    | Note
-------+----------+-------------------------------------------
     0 | D:1      | mortz the Human Fire Elementalist began the quest for the
                  | Orb.
     0 | D:1      | Reached XP level 1. HP: 13/13 MP: 3/3
   242 | D:1      | Found a faded altar of an unknown god.
   327 | D:1      | Reached XP level 2. HP: 19/19 MP: 3/5
   351 | D:1      | Learned a level 2 spell: Scorch
  1103 | D:2      | Reached XP level 3. HP: 23/24 MP: 3/6
  1383 | D:2      | Got the Grimoire of Supportive Earth
  1800 | D:2      | Reached skill level 1 in Armour
  1851 | D:2      | Reached XP level 4. HP: 30/30 MP: 3/7
  2172 | D:3      | Identified the +1 ring mail "Wuhoczor" {rPois Will- rCorr
                  | Slay+5}
  2388 | D:3      | Noticed Natasha
  2429 | D:3      | Killed Natasha
  2440 | D:3      | Reached XP level 5. HP: 20/35 MP: 2/8
  2952 | D:3      | Noticed Natasha
  2959 | D:3      | Killed Natasha
  3196 | D:3      | Noticed Natasha
  3203 | D:3      | Killed Natasha
  3622 | D:4      | Found a one-way gate to the infinite horrors of the Abyss.
  3622 | D:4      | Noticed themarg's ghost (amateur GnWn)
  3667 | D:4      | Found a transporter.
  3687 | D:4      | Reached XP level 6. HP: 6/41 MP: 1/10
  4004 | D:4      | Found a transporter.
  4415 | D:4      | Identified the +3 pair of boots of the Teacher {rF+ Int+5}
  4427 | D:4      | Learned a level 3 spell: Inner Flame
  4553 | D:4      | Noticed a yak
  4554 | D:4      | Noticed a yak
  4555 | D:4      | Noticed a yak
  4612 | D:3      | Killed a yak
  4613 | D:3      | Reached skill level 5 in Fire Magic
  4613 | D:3      | Reached XP level 7. HP: 33/46 MP: 2/12
  4850 | D:4      | Killed a yak
  5150 | D:4      | Found an opulent altar of Gozag.
  5350 | D:5      | Entered Level 5 of the Dungeon
  5709 | D:5      | Reached XP level 8. HP: 52/52 MP: 9/15
  5793 | D:5      | Reached skill level 5 in Spellcasting
  6463 | D:5      | Learned a level 4 spell: Flame Wave
  6804 | D:6      | Found a bloodstained altar of Trog.
  6908 | D:6      | Found Ixzoll's Armour Emporium.
  6965 | D:6      | Bought a +0 troll leather armour for 150 gold pieces
  7491 | D:6      | Reached XP level 9. HP: 57/57 MP: 13/18
  7564 | D:6      | Noticed Blork the orc
  7567 | D:6      | Killed Blork the orc
  7822 | D:6      | Found a runed translucent gate.
  7823 | D:6      | Noticed ApathyGirl's ghost (novice GnCA)
  7824 | D:6      | Found a runed translucent gate.
  7824 | D:6      | Found a runed translucent gate.
  8039 | D:7      | Noticed Dowan
  8115 | D:7      | Found a white marble altar of Elyvilon.
  8116 | D:7      | Found a stormy altar of Qazlal.
  8116 | D:7      | Found a sacrificial altar of Ru.
  8118 | D:7      | Found a radiant altar of Vehumet.
  8120 | D:7      | Found an ancient bone altar of Kikubaaqudgha.
  8120 | D:7      | Found a hide-covered altar of Uskayaw.
  8141 | D:7      | Found a broken altar of Ashenzari.
  8313 | D:7      | Noticed Duvessa
  8317 | D:6      | Killed Dowan
  8321 | D:6      | Killed Duvessa
  8553 | D:7      | Found a staircase to the Ecumenical Temple.
  8559 | Temple   | Entered the Ecumenical Temple
  8885 | D:7      | Reached skill level 1 in Fighting
  9094 | D:7      | Became a worshipper of Vehumet
  9263 | D:7      | Found a shimmering altar of Xom.
  9264 | D:7      | Found a burning altar of Makhleb.
  9624 | D:7      | Noticed Pikel
  9677 | D:7      | Noticed Joseph
  9741 | D:7      | Killed Joseph
  9742 | D:7      | Reached XP level 10. HP: 61/65 MP: 8/21
  9883 | D:7      | Killed Pikel
  9884 | D:7      | Reached skill level 1 in Long Blades
 10014 | D:7      | Found a runed translucent door.
 10016 | D:7      | Noticed Crazy Yiuf
 10020 | D:7      | Killed Crazy Yiuf
 10096 | D:8      | Noticed Maurice
 10167 | D:8      | Noticed Erica
 10203 | D:8      | Killed Erica
 10417 | D:8      | Killed Maurice
 10556 | D:8      | Found an ornate altar of the Wu Jian Council.
 10754 | D:8      | Noticed Harold
 10762 | D:8      | Killed Harold
 10763 | D:8      | Reached skill level 10 in Fire Magic
 10763 | D:8      | Reached XP level 11. HP: 71/71 MP: 9/24
 10893 | D:8      | Noticed Prince Ribbit
 10900 | D:8      | Killed Prince Ribbit
 11466 | D:9      | Reached * piety under Vehumet
 11466 | D:9      | Offered knowledge of Shock by Vehumet.
 11471 | D:9      | Learned a level 3 spell: Conjure Flame
 11982 | D:9      | Reached skill level 10 in Spellcasting
 12551 | D:10     | Entered Level 10 of the Dungeon
 13115 | D:10     | Found a runed translucent gate.
 13115 | D:10     | Found a runed translucent gate.
 13115 | D:10     | Found a runed translucent gate.
 13120 | D:10     | Noticed arthad's ghost (journeyman GnWn)
 13248 | D:10     | Offered knowledge of Freeze by Vehumet.
 13249 | D:10     | Reached ** piety under Vehumet
 13250 | D:10     | Reached skill level 5 in Conjurations
 13412 | D:10     | Noticed Erolcha
 13424 | D:10     | Killed Erolcha
 13842 | D:10     | Identified the +1 chain mail "Jiplired" {+Blink rF- Will+
                  | Int+7}
 14021 | D:11     | Noticed a purple ugly thing
 14027 | D:11     | Killed a purple ugly thing
 14028 | D:11     | Reached XP level 12. HP: 67/77 MP: 15/27
 14449 | D:11     | Offered knowledge of Mephitic Cloud by Vehumet.
 14454 | D:11     | Learned a level 3 spell: Mephitic Cloud
 14535 | D:11     | Learned a level 3 spell: Stone Arrow
 14536 | D:11     | Found a staircase to the Orcish Mines.
 14580 | D:11     | Reached skill level 1 in Short Blades
 14675 | D:11     | Noticed a two-headed ogre
 14682 | D:11     | Killed a two-headed ogre
 14919 | D:11     | Noticed a two-headed ogre
 14942 | D:11     | Killed a two-headed ogre
 15429 | D:11     | Found a staircase to the Lair.
 15432 | D:11     | Reached *** piety under Vehumet
 15644 | Lair:1   | Entered Level 1 of the Lair of Beasts
 15918 | Lair:1   | Found a broken altar of Ashenzari.
 16054 | Lair:1   | Noticed a six-headed hydra
 16060 | Lair:1   | Killed a six-headed hydra
 16238 | Lair:1   | Noticed a five-headed hydra
 16527 | Lair:1   | Killed a five-headed hydra
 16689 | Lair:1   | Offered knowledge of Frozen Ramparts by Vehumet.
 16690 | Lair:1   | Reached skill level 1 in Shields
 16770 | Lair:1   | Identified the +3 long sword of Iconoclasm {holy, Str+4}
 16817 | Lair:1   | Reached XP level 13. HP: 37/83 MP: 21/29
 17483 | Lair:2   | You fall into a shaft and drop 2 floors!
 17518 | Lair:4   | Reached skill level 1 in Air Magic
 17776 | Lair:4   | Identified the +6 ring mail of Fangulud {Drain Int+6}
 17804 | Lair:4   | Noticed Sonja
 17812 | Lair:4   | Killed Sonja
 17878 | Lair:4   | Found a staircase to the Snake Pit.
 17935 | Lair:4   | Noticed Josephine
 18074 | Lair:3   | Noticed Snorg
 18088 | Lair:3   | Killed Snorg
 18088 | Lair:3   | Reached **** piety under Vehumet
 18233 | Lair:3   | Noticed a six-headed hydra
 18239 | Lair:3   | Killed a six-headed hydra
 18290 | Lair:3   | Noticed Fannar
 18298 | Lair:3   | Killed Fannar
 18301 | Lair:3   | Offered knowledge of Fireball by Vehumet.
 18811 | Lair:2   | Identified the +6 scale mail of the Farmer {Int+4}
 19032 | Lair:2   | Found a staircase to the Shoals.
 20228 | Lair:4   | Noticed Kirke
 21173 | Lair:3   | Killed Kirke
 21174 | Lair:3   | Reached XP level 14. HP: 72/89 MP: 25/31
 21389 | Lair:4   | Killed Josephine
 21390 | Lair:4   | Reached skill level 5 in Long Blades
 23055 | Lair:5   | Reached skill level 5 in Armour
 23647 | Lair:5   | Reached ***** piety under Vehumet
 23649 | Lair:6   | Entered Level 6 of the Lair of Beasts
 24146 | Lair:5   | Offered knowledge of Yara's Violent Unravelling by Vehumet.
 24279 | Lair:5   | Reached skill level 5 in Dodging
 24719 | Lair:5   | Reached skill level 1 in Earth Magic
 25122 | Lair:6   | Found a viscous altar of Jiyva.
 25122 | Lair:6   | Found a staircase to the Slime Pits.
 25151 | Lair:6   | Learned a level 5 spell: Irradiate
 26091 | Lair:6   | Found the ring of the Tortoise {AC+8}
 26094 | Lair:6   | Found the +7 captain's cutlass {speed, disarm}
 26113 | Lair:6   | Reached XP level 15. HP: 60/94 MP: 20/33
 26253 | Lair:6   | HP: 3/94 [seven-headed hydra (2)]
 26253 | Lair:6   | Slain by a seven-headed hydra

Illustrated notes

Levels and vault maps discovered:
D:1:      dpeg_arrival_simpleton_c, layout_basic,
          hellmonk_ecumenical_altar_lost_god
D:2:      layout_loops_corners
D:3:      layout_loops_ring, roderic_lattice_a, minmay_quantized, uniq_natasha
D:4:      layout_basic, mainiacjoe_overflow_cross_hatched,
          gammafunk_ghost_abyssal_escape, hangedman_decor_peaks_small,
          minmay_vboxes
D:5:      layout_gridville
D:6:      layout_cave_pods, ebering_ghost_rock_garden, serial_shops,
          nicolae_shop_temple_entry_statues_fountains, abandoned_shop,
          minmay_ruined_shrine, uniq_blork_the_orc
D:7:      layout_cave_pods, grunt_temple_overflow_champion_of_chaos,
          grunt_temple_overflow_open, minmay_temple_entry_fiery, uniq_duvessa,
          uniq_pikel, uniq_crazy_yiuf_cottage, uniq_joseph
D:8:      layout_rooms, pdpol_wu_jian_five_deadly_venoms, uniq_erica,
          uniq_maurice, uniq_harold, uniq_prince_ribbit1
D:9:      layout_basic, serial_bayou, serial_bayou_ford_a, serial_bayou_shore_a,
          serial_bayou_pond_d, serial_bayou_lagoon_b
D:10:     layout_small_grid, special_room [special_room_bee],
          ebering_ghost_rock_garden, uniq_erolcha
D:11:     layout_loops_corners, grunt_lair_entry_orc_guard_hut, david_orc_2,
          minmay_misc_feat_chi
Temple:   chequers_temple_sunken
Lair:1:   layout_regular_city, basic_altar, beast_lair_carwin_7,
          grunt_megastairs_3
Lair:2:   layout_long_grid, minmay_shoals_entry_beasts, grunt_megastairs_5
Lair:3:   layout_long_grid, lemuel_fruit_fields, uniq_snorg, uniq_fannar
Lair:4:   layout_gridlike, guppyfry_snake_entry_island, wad_woods_road_01,
          uniq_kirke, uniq_josephine, uniq_sonja
Lair:5:   layout_gridlike, beast_lair_carwin_8
Lair:6:   gammafunk_lair_ancient_temple, layout_loops_ring,
          dpeg_slime_entry_enclosed_altar

Skill      XL: |  1  2  3  4  5  6  7  8  9 10 11 12 13 14 |
---------------+-------------------------------------------+-----
Armour         | 1 2 3 4 5 |  5.7
Fire Magic     | 4 5 7 8 10 11 12 13 14 | 14.2
Spellcasting   | 3 4 6 7 9 11 12 13 14 | 14.7
Conjurations   | 2 3 4 5 6 7 |  7.0
Stealth        | 3 4 |  4.1
Fighting       | 1 |  1.9
Long Blades    | 1 4 7 |  7.1
Dodging        | 3 4 5 |  5.0
Short Blades   | 1 |  1.1
Shields        | 1 |  1.8
Air Magic      | 1 |  1.6
Earth Magic    | 3 |  3.0
Polearms       | |  0.8
Unarmed Combat | |  0.2
Hexes          | |  0.5
Poison Magic   | |  0.1
Evocations     | |  0.1

Action                   |  1- 3 |  4- 6 |  7- 9 | 10-12 | 13-15 || total
-------------------------+-------+-------+-------+-------+-------++-------
Melee: Rapier            |     8 |    28 |       |       |       ||    36
       Falchion          |       |     7 |    29 |       |       ||    36
       Dagger            |       |       |    16 |       |       ||    16
       Short sword       |       |       |       |    10 |       ||    10
       Long sword        |       |       |       |     4 |    11 ||    15
       Punch             |       |       |       |     1 |       ||     1
       Unarmed           |       |       |       |       |    12 ||    12
       Halberd           |       |       |       |       |     6 ||     6
 Cast: Foxfire           |    37 |    35 |    72 |   116 |   129 ||   389
       Scorch            |     7 |    36 |    80 |   259 |   233 ||   615
       Flame Wave        |       |       |     3 |     5 |    27 ||    35
       Inner Flame       |       |       |     2 |       |     1 ||     3
       Stone Arrow       |       |       |       |       |   105 ||   105
       Mephitic Cloud    |       |       |       |       |    19 ||    19
Evoke: Wand              |       |       |       |     2 |     4 ||     6
  Use: Scroll            |       |     3 |    14 |     6 |    12 ||    35
       Potion            |       |       |       |       |     1 ||     1
 Stab: Sleeping          |       |       |       |     1 |       ||     1
Armor: Leather armour    |    10 |       |     4 |       |       ||    14
       Ring mail         |       |    12 |       |       |   231 ||   243
       Troll leather arm |       |       |    34 |    27 |       ||    61
       Acid dragon scale |       |       |       |    37 |    10 ||    47
Dodge: Dodged            |    22 |    40 |    91 |   130 |   182 ||   465
Block: Other             |       |       |       |    43 |    68 ||   111
       Reflection        |       |       |       |     1 |       ||     1
